EL
MISSISSIPPI BRAVES @ BILOXI SHUCKERS
08/22/2048
 
TOP OF THE 1ST
Mississippi Braves batting - Pitching for Biloxi Shuckers : RHP Jeff Swomley
Pitching: RHP Jeff Swomley
Batting: RHB Luis Restrepo 0-0: Ball
1-0: Ball
2-0: Ground out U3 (Groundball, 3, EV 108.8 MPH)
Batting: RHB Zheng-ze King 0-0: Called Strike
0-1: Ball
1-1: Called Strike
1-2: Ball
2-2: Strikes out swinging
Batting: LHB Art D'Ascenzo 0-0: Swinging Strike
0-1: Called Strike
0-2: Strikes out swinging
Top of the 1st over - 0 runs, 0 hits, 0 errors, 0 left on base; Mississippi 0 - Biloxi 0
BOTTOM OF THE 1ST
Biloxi Shuckers batting - Pitching for Mississippi Braves : RHP Troy Hutch
Pitching: RHP Troy Hutch
Batting: LHB Rick Campbell 0-0: Ball
1-0: Ground out 6-3 (Groundball, 6, EV 97.5 MPH)
Batting: SHB Ramon Perez 0-0: Ball
1-0: Called Strike
1-1: Called Strike
1-2: Foul Ball, location: 2F
1-2: Strikes out swinging
Batting: SHB Justin Hensley 0-0: Ball
1-0: Ball
2-0: Swinging Strike
2-1: Ball
3-1: Swinging Strike
3-2: Foul Ball, location: 2F
3-2: Base on Balls
Batting: SHB Mike Williams 0-0: Ball
1-0: Ball
2-0: Ball
3-0: Called Strike
3-1: Swinging Strike
3-2: Ground out U3 (Groundball, 23, EV 91.2 MPH)
Bottom of the 1st over - 0 runs, 0 hits, 0 errors, 1 left on base; Mississippi 0 - Biloxi 0
TOP OF THE 2ND
Mississippi Braves batting - Pitching for Biloxi Shuckers : RHP Jeff Swomley
Batting: RHB Tim Molchan 0-0: Fly out, F7 (Flyball, 78M, EV 80.6 MPH)
Batting: LHB Sal Fernandez 0-0: Ball
1-0: Ball
2-0: Ball
3-0: Called Strike
3-1: Fly out, F5 (Popup, 56, EV 73.1 MPH)
Batting: RHB Yojiro Hayashi 0-0: SINGLE (Line Drive, 78M, EV 98.8 MPH)
Batting: RHB Hieronim Rutkowski 0-0: Ball
1-0: Ball
2-0: Foul Ball, location: 2F
2-1: Foul Ball, location: 2F
2-2: Strikes out swinging
Top of the 2nd over - 0 runs, 1 hit, 0 errors, 1 left on base; Mississippi 0 - Biloxi 0
BOTTOM OF THE 2ND
Biloxi Shuckers batting - Pitching for Mississippi Braves : RHP Troy Hutch
Batting: RHB Nick Cummings 0-0: Called Strike
0-1: Ball
1-1: Foul Ball, location: 2F
1-2: Foul Ball, location: 2F
1-2: Ball
2-2: Reached on error, E6 (Groundball, 6, EV 85.6 MPH)
Batting: RHB Steve Byerly 0-0: Foul Ball, location: 2F
0-1: Foul Ball, location: 2F
0-2: Ball
1-2: Foul Ball, location: 2F
1-2: Ground out 5-3 (Groundball, 56, EV 105.6 MPH)
Batting: RHB Hector Silva 0-0: Ball
Nick Cummings is caught stealing 3rd base 2-5
1-0: SINGLE (Line Drive, 9LS, EV 91.2 MPH)
Batting: RHB Cameron Rattenbury 0-0: Ball
1-0: Fielders Choice at 2nd, 6-4 (Groundball, 6, EV 106.2 MPH)
Bottom of the 2nd over - 0 runs, 1 hit, 1 error, 1 left on base; Mississippi 0 - Biloxi 0
TOP OF THE 3RD
Mississippi Braves batting - Pitching for Biloxi Shuckers : RHP Jeff Swomley
Batting: RHB Jose Ramos 0-0: Fly out, F8 (Flyball, 8RD, EV 76.2 MPH)
Batting: RHB Jordan Martin 0-0: Ball
1-0: Called Strike
1-1: Ball
2-1: Ball
3-1: Swinging Strike
3-2: Foul Ball, location: 2F
3-2: Base on Balls
Batting: RHB Luis Restrepo 0-0: Ball
1-0: Called Strike
1-1: Ground out 4-3 (Groundball, 34, EV 93.8 MPH)
Jordan Martin to second
Batting: RHB Zheng-ze King 0-0: Ball
1-0: Ball
2-0: Ball
3-0: Base on Balls
Batting: LHB Art D'Ascenzo 0-0: Ball
1-0: Ball
2-0: Ground out 4-3 (Groundball, 4, EV 98.1 MPH)
Top of the 3rd over - 0 runs, 0 hits, 0 errors, 2 left on base; Mississippi 0 - Biloxi 0
BOTTOM OF THE 3RD
Biloxi Shuckers batting - Pitching for Mississippi Braves : RHP Troy Hutch
Batting: RHB Leo Serrano 0-0: Foul Ball, location: 2F
0-1: Foul Ball, location: 2F
0-2: SINGLE (Groundball, 6MD, EV 95.0 MPH)
Batting: LHB Rick Campbell 0-0: Ball
1-0: Called Strike
1-1: Ball
2-1: Called Strike
2-2: Foul Ball, location: 2F
2-2: Ball
3-2: Fly out, F8 (Flyball, 8RD, EV 88.1 MPH)
Batting: SHB Ramon Perez 0-0: Called Strike
0-1: Ball
1-1: Swinging Strike
1-2: Foul Ball, location: 2F
1-2: 2-RUN HOME RUN (Flyball, 9LD, EV 89.4 MPH), Distance : 332 ft
Batting: SHB Justin Hensley 0-0: Foul Ball, location: 2F
0-1: Ball
1-1: Ball
2-1: Ball
3-1: Base on Balls
Batting: SHB Mike Williams 0-0: Ball
1-0: Called Strike
1-1: DOUBLE (Line Drive, 7LS, EV 105.6 MPH)
Justin Hensley to third
Batting: RHB Nick Cummings 0-0: Called Strike
0-1: Ball
1-1: Ball
2-1: Foul Ball, location: 2F
2-2: Strikes out looking
Batting: RHB Steve Byerly 0-0: Ball
1-0: Ball
2-0: Called Strike
2-1: Foul Ball, location: 2F
2-2: Ground out U3 (Groundball, 3S, EV 87.5 MPH)
Bottom of the 3rd over - 2 runs, 3 hits, 0 errors, 2 left on base; Mississippi 0 - Biloxi 2
TOP OF THE 4TH
Mississippi Braves batting - Pitching for Biloxi Shuckers : RHP Jeff Swomley
Batting: RHB Tim Molchan 0-0: Ball
1-0: Ball
2-0: Called Strike
2-1: Ball
3-1: Base on Balls
Batting: LHB Sal Fernandez 0-0: Ball
1-0: Ball
2-0: Called Strike
2-1: Called Strike
2-2: Ball
3-2: Strikes out looking
Batting: RHB Yojiro Hayashi 0-0: Foul Ball, location: 2F
0-1: Ball
1-1: Ball
2-1: Foul Ball, location: 2F
2-2: Strikes out swinging
Batting: RHB Hieronim Rutkowski 0-0: Ball
1-0: Ball
2-0: Called Strike
2-1: Foul Ball, location: 2F
2-2: Ball
3-2: Strikes out swinging
Top of the 4th over - 0 runs, 0 hits, 0 errors, 1 left on base; Mississippi 0 - Biloxi 2
BOTTOM OF THE 4TH
Biloxi Shuckers batting - Pitching for Mississippi Braves : RHP Troy Hutch
Batting: RHB Hector Silva 0-0: Swinging Strike
0-1: Ball
1-1: Called Strike
1-2: Ball
2-2: Foul Ball, location: 2F
2-2: Ball
3-2: Foul Ball, location: 2F
3-2: Strikes out swinging
Batting: RHB Cameron Rattenbury 0-0: Ball
1-0: Called Strike
1-1: Swinging Strike
1-2: Strikes out swinging
Pitching: RHP Thomas Crowner
Batting: RHB Leo Serrano 0-0: Ground out 4-3 (Groundball, 4, EV 91.9 MPH)
Bottom of the 4th over - 0 runs, 0 hits, 0 errors, 0 left on base; Mississippi 0 - Biloxi 2
TOP OF THE 5TH
Mississippi Braves batting - Pitching for Biloxi Shuckers : RHP Jeff Swomley
Batting: RHB Jose Ramos 0-0: Ball
1-0: SINGLE (Line Drive, 89M, EV 99.4 MPH)
Batting: RHB Jordan Martin 0-0: Called Strike
Jose Ramos is caught stealing 2nd base 2-4
0-1: Fly out, F7 (Flyball, 78D, EV 98.8 MPH)
Batting: RHB Luis Restrepo 0-0: Fly out, F9 (Flyball, 9S, EV 82.5 MPH)
Top of the 5th over - 0 runs, 1 hit, 0 errors, 0 left on base; Mississippi 0 - Biloxi 2
BOTTOM OF THE 5TH
Biloxi Shuckers batting - Pitching for Mississippi Braves : RHP Thomas Crowner
Batting: LHB Rick Campbell 0-0: Called Strike
0-1: Foul Ball, location: 2F
0-2: Ball
1-2: SINGLE (Groundball, 56S, EV 68.8 MPH) (infield hit)
Batting: SHB Ramon Perez 0-0: Ball
Rick Campbell is caught stealing 2nd base 2-6
1-0: Foul Ball, location: 2F
1-1: Ball
2-1: Foul Ball, location: 2F
2-2: Ball
3-2: Ground out 3-1 (Groundball, 34S, EV 82.5 MPH)
Batting: SHB Justin Hensley 0-0: Ball
1-0: Called Strike
1-1: Ball
2-1: Swinging Strike
2-2: Strikes out swinging
Bottom of the 5th over - 0 runs, 1 hit, 0 errors, 0 left on base; Mississippi 0 - Biloxi 2
TOP OF THE 6TH
Mississippi Braves batting - Pitching for Biloxi Shuckers : RHP Jeff Swomley
Batting: RHB Zheng-ze King 0-0: Fly out, F9 (Line Drive, 9LS, EV 89.4 MPH)
Batting: LHB Art D'Ascenzo 0-0: Ball
1-0: Ball
2-0: Ball
3-0: Base on Balls
Batting: RHB Tim Molchan 0-0: Called Strike
0-1: Fielders Choice at 2nd, 4-6 (Groundball, 34, EV 78.1 MPH)
Batting: LHB Sal Fernandez 0-0: Ball
1-0: Ground out U3 (Groundball, 3, EV 89.4 MPH)
Top of the 6th over - 0 runs, 0 hits, 0 errors, 1 left on base; Mississippi 0 - Biloxi 2
BOTTOM OF THE 6TH
Biloxi Shuckers batting - Pitching for Mississippi Braves : RHP Thomas Crowner
Batting: SHB Mike Williams 0-0: Called Strike
0-1: Ball
1-1: Ball
2-1: Fly out, F7 (Line Drive, 78M, EV 106.9 MPH)
Batting: RHB Nick Cummings 0-0: Fly out, F7 (Line Drive, 78M, EV 93.1 MPH)
Batting: RHB Steve Byerly 0-0: Called Strike
0-1: Ball
1-1: Foul Ball, location: 2F
1-2: Foul Ball, location: 7LSF, Error on foul ball, E7
1-2: Foul Ball, location: 2F
1-2: Ball
2-2: Ball
3-2: Foul Ball, location: 2F
3-2: Base on Balls
Batting: RHB Hector Silva 0-0: Ball
1-0: DOUBLE (Line Drive, 3D, EV 105.6 MPH)
Steve Byerly to third
Batting: RHB Cameron Rattenbury 0-0: Swinging Strike
0-1: Foul Ball, location: 2F
0-2: Ball
1-2: Strikes out swinging
Bottom of the 6th over - 0 runs, 1 hit, 1 error, 2 left on base; Mississippi 0 - Biloxi 2
TOP OF THE 7TH
Mississippi Braves batting - Pitching for Biloxi Shuckers : RHP Jeff Swomley
Batting: RHB Yojiro Hayashi 0-0: Ball
1-0: Foul Ball, location: 2F
1-1: Ball
2-1: Foul Ball, location: 2F
2-2: Foul Ball, location: 2F
2-2: Ground out 5-3 (Groundball, 56, EV 111.9 MPH)
Batting: RHB Hieronim Rutkowski 0-0: Ball
1-0: Called Strike
1-1: Swinging Strike
1-2: Foul Ball, location: 2F
1-2: Ball
2-2: Strikes out looking
Batting: RHB Jose Ramos 0-0: Ball
1-0: Called Strike
1-1: Ball
2-1: Foul Ball, location: 2F
2-2: Strikes out looking
Top of the 7th over - 0 runs, 0 hits, 0 errors, 0 left on base; Mississippi 0 - Biloxi 2
BOTTOM OF THE 7TH
Biloxi Shuckers batting - Pitching for Mississippi Braves : RHP Thomas Crowner
Pitching: RHP Carlos Esquivel
Batting: RHB Leo Serrano 0-0: Ball
1-0: Ball
2-0: Foul Ball, location: 2F
2-1: Ball
3-1: Ground out 4-3 (Groundball, 4, EV 90.0 MPH)
Batting: LHB Rick Campbell 0-0: Foul Ball, location: 2F
0-1: Foul Ball, location: 2F
0-2: SOLO HOME RUN (Flyball, 7LD, EV 95.0 MPH), Distance : 358 ft
Batting: SHB Ramon Perez 0-0: Ball
1-0: Called Strike
1-1: Foul Ball, location: 2F
1-2: Ball
2-2: Foul Ball, location: 2F
2-2: Foul Ball, location: 2F
2-2: Foul Ball, location: 2F
2-2: Strikes out swinging
Batting: SHB Justin Hensley 0-0: Called Strike
0-1: Foul Ball, location: 2F
0-2: Ball
1-2: Strikes out swinging
Bottom of the 7th over - 1 run, 1 hit, 0 errors, 0 left on base; Mississippi 0 - Biloxi 3
TOP OF THE 8TH
Mississippi Braves batting - Pitching for Biloxi Shuckers : RHP Jeff Swomley
Pitching: RHP Juan Barroso
Batting: RHB Jordan Martin 0-0: Ball
1-0: Foul Ball, location: 2F
1-1: Foul Ball, location: 2F
1-2: Ball
2-2: Fly out, F8 (Flyball, 8RD, EV 106.9 MPH)
Batting: RHB Luis Restrepo 0-0: Called Strike
0-1: Ball
1-1: Called Strike
1-2: Strikes out swinging
Batting: RHB Zheng-ze King 0-0: Called Strike
0-1: SOLO HOME RUN (Flyball, 78XD, EV 106.9 MPH), Distance : 426 ft
Batting: LHB Art D'Ascenzo 0-0: Ball
1-0: Ground out U3 (Groundball, 3, EV 76.9 MPH)
Top of the 8th over - 1 run, 1 hit, 0 errors, 0 left on base; Mississippi 1 - Biloxi 3
BOTTOM OF THE 8TH
Biloxi Shuckers batting - Pitching for Mississippi Braves : RHP Carlos Esquivel
Batting: SHB Mike Williams 0-0: Ball
1-0: Foul Ball, location: 2F
1-1: Ball
2-1: Ball
3-1: Foul Ball, location: 2F
3-2: Ground out 6-3 (Groundball, 6, EV 103.1 MPH)
Batting: RHB Nick Cummings 0-0: Foul Ball, location: 2F
0-1: Ball
1-1: Called Strike
1-2: Ball
2-2: Ball
3-2: Ground out 5-3 (Groundball, 56, EV 106.9 MPH)
Batting: RHB Steve Byerly 0-0: Ball
1-0: Ball
2-0: Ball
3-0: Called Strike
3-1: Base on Balls
Pitching: RHP Gordon Cushing
Batting: RHB Hector Silva 0-0: Swinging Strike
0-1: Ball
1-1: SINGLE (Groundball, 4D, EV 100.0 MPH)
Steve Byerly to second
Runner from 2nd tries for 3rd, OUT! 9-5
Bottom of the 8th over - 0 runs, 1 hit, 0 errors, 1 left on base; Mississippi 1 - Biloxi 3
TOP OF THE 9TH
Mississippi Braves batting - Pitching for Biloxi Shuckers : RHP Juan Barroso
Pitching: RHP Ernie Schmutz
Batting: RHB Tim Molchan 0-0: Ball
1-0: Swinging Strike
1-1: Foul Ball, location: 2F
1-2: Ball
2-2: Strikes out swinging
Batting: LHB Sal Fernandez 0-0: Ball
1-0: Ball
2-0: Called Strike
2-1: Foul Ball, location: 2F
2-2: Strikes out swinging
Batting: RHB Yojiro Hayashi 0-0: Called Strike
0-1: Called Strike
0-2: Ball
1-2: Ground out 6-3 (Groundball, 6, EV 86.9 MPH)
Top of the 9th over - 0 runs, 0 hits, 0 errors, 0 left on base; Mississippi 1 - Biloxi 3
Tuesday, March 28th , 2023 - OOTP Baseball 23.10 Build 110